Map: Ulrena

Players

GerichRail (Rail) - Winner!

  • Race: Protoss Protoss

JeaL

  • Race: Protoss Protoss
  • League: Master

Event: DreamHack ZOWIE Open Leipzig

VOD

Have the link to the VOD?

Description

Time

  • Played on: Jan. 22, 2016, 8:19 a.m.
  • Length: 10:59

All games in this series

Show
View Real Time Build Order
Export as new Build Order

GerichRail Protoss - Winner!

Build Orders: Oracle Opening 

Get SALT Encoding   

  12  0:01  Probe (Chrono Boost)  
  13  0:12  Probe (Chrono Boost)  
  14  0:18  Pylon  
  14  0:22  Probe (Chrono Boost)  
  15  0:36  Probe (Chrono Boost), Gateway  
  16  0:47  Probe (Chrono Boost)  
  16  0:48  Assimilator  
  17  0:52  Assimilator  
  17  0:57  Probe (Chrono Boost)  
  18  1:05  Gateway  
  18  1:09  Probe (Chrono Boost)  
  19  1:19  Probe (Chrono Boost)  
  20  1:25  Cybernetics Core  
  20  1:30  Probe (Chrono Boost)  
  21  1:40  Probe (Chrono Boost)  
  21  1:43  Pylon  
  22  1:51  Probe (Chrono Boost)  
  23  2:04  Stargate  
  23  2:06  Warp Gate (Chrono Boost)  
  23  2:10  Mothership Core (Chrono Boost)  
  23  2:15  Pylon  
  25  2:23  Stalker  
  25  2:28  Probe (Chrono Boost)  
  28  2:40  Probe  
  29  2:48  Oracle (Chrono Boost)  
  32  2:54  Gateway  
  32  2:58  Stalker  
  34  3:07  Probe  
  35  3:13  Pylon  
  35  3:19  Probe  
  36  3:29  Stalker (Chrono Boost)  
  36  3:32  Stalker (Chrono Boost)  
  40  3:34  Gateway  
  37  3:45  Sentry (Chrono Boost)  
  39  3:53  Probe  
  40  3:55  Pylon  
  40  4:07  Stalker  
  42  4:13  Pylon  
  42  4:14  Stalker  
  42  4:15  Stalker  
  45  4:49  Robotics Facility  
  45  4:50  Probe (Chrono Boost)  
  46  5:01  Twilight Council  
  46  5:02  Probe (Chrono Boost)  
  46  5:05  Stalker  
  49  5:12  Probe (Chrono Boost)  
  48  5:23  Stalker  
  48  5:24  Stalker  
  52  5:29  Nexus  
  52  5:35  Stalker  
  50  5:46  Pylon  
  50  5:49  Pylon  
  48  5:55  Probe (Chrono Boost)  
  49  6:06  Stalker  
  51  6:12  Stalker  
  53  6:18  Probe (Chrono Boost)  
  53  6:21  Stalker  
  55  6:29  Probe (Chrono Boost)  
  55  6:31  Stalker  
  58  6:41  Probe x2 (Chrono Boost)  
  60  6:48  Pylon  
  60  6:51  Observer  
  60  6:52  Probe x2 (Chrono Boost)  
  63  6:54  Charge (Chrono Boost)  
  62  7:02  Probe (Chrono Boost)  
  62  7:03  Probe (Chrono Boost)  
  62  7:06  Pylon  
  62  7:07  Assimilator  
  64  7:11  Assimilator  
  64  7:13  Probe (Chrono Boost)  
  64  7:14  Probe (Chrono Boost)  
  66  7:33  Immortal  
  66  7:39  Pylon  
  66  7:42  Templar Archives  
  70  7:45  Gateway x2  
  70  7:52  Sentry, Zealot  
  74  7:58  Zealot x2  
  74  8:03  Gateway  
  78  8:11  Pylon  
  78  8:18  High Templar x2  
  78  8:19  Zealot  
  84  8:20  Zealot  
  86  8:32  Pylon  
  86  8:33  Pylon  
  86  8:42  Zealot x2  
  86  8:43  Zealot  
  92  8:49  High Templar  
  92  8:50  High Templar  
  92  8:52  Zealot  
  92  8:54  Archon  
  92  8:55  Archon  
  98  9:00  Zealot  
  100  9:08  Zealot x3  
  104  9:23  High Templar  
  106  9:26  Pylon  
  106  9:29  Zealot, High Templar  
  106  9:30  Zealot  
  106  9:31  Zealot x2  
  114  9:33  Archon  
  116  9:40  High Templar  
  116  9:44  Pylon  
  116  9:55  High Templar  
  116  9:58  Probe  
  119  10:00  Zealot x3  
  119  10:01  Archon  
  119  10:04  Pylon  
  125  10:10  Probe x2  
  124  10:15  High Templar x2  
  128  10:25  Zealot x3  
  134  10:39  Nexus  
  134  10:44  Archon  
  130  10:50  Zealot x2, High Templar x2  
  130  10:55  Archon  
Show
View Real Time Build Order
Export as new Build Order

JeaL Protoss 

Build Orders: Phoenix Opening 

Get SALT Encoding   

  12  0:01  Probe (Chrono Boost)  
  13  0:11  Probe (Chrono Boost)  
  14  0:18  Pylon  
  14  0:22  Probe (Chrono Boost)  
  15  0:36  Probe (Chrono Boost)  
  15  0:37  Gateway  
  16  0:46  Assimilator  
  16  0:47  Probe (Chrono Boost)  
  17  0:52  Assimilator  
  17  0:57  Probe (Chrono Boost)  
  18  1:08  Probe (Chrono Boost)  
  18  1:10  Gateway  
  20  1:18  Probe (Chrono Boost)  
  20  1:27  Cybernetics Core  
  20  1:29  Probe (Chrono Boost)  
  21  1:37  Pylon  
  21  1:39  Probe (Chrono Boost)  
  22  1:51  Probe (Chrono Boost)  
  23  2:08  Probe  
  28  2:09  Stalker (Chrono Boost)  
  28  2:15  Pylon  
  28  2:16  Warp Gate (Chrono Boost)  
  26  2:24  Stargate  
  26  2:29  Stalker  
  28  2:35  Mothership Core  
  30  2:45  Stalker  
  32  3:08  Phoenix (Chrono Boost)  
  34  3:17  Nexus  
  34  3:30  Phoenix (Chrono Boost)  
  34  3:33  Pylon  
  36  3:43  Probe  
  37  3:52  Phoenix (Chrono Boost)  
  39  4:00  Pylon  
  39  4:13  Gateway, Phoenix (Chrono Boost)  
  41  4:24  Stalker x2  
  41  4:27  Probe  
  41  4:29  Pylon  
  46  4:39  Phoenix (Chrono Boost)  
  46  5:00  Phoenix (Chrono Boost)  
  46  5:01  Pylon  
  48  5:08  Zealot  
  48  5:09  Zealot  
  48  5:12  Stalker  
  54  5:23  Probe  
  55  5:34  Nexus  
  49  5:44  Phoenix (Chrono Boost)  
  50  5:50  Probe  
  50  5:58  Pylon  
  50  6:02  Probe  
  51  6:06  Twilight Council  
  51  6:14  Phoenix (Chrono Boost)  
  53  6:22  Probe  
  54  6:34  Probe  
  54  6:36  Void Ray (Chrono Boost)  
  59  6:46  Probe  
  60  6:47  Robotics Facility  
  60  6:50  Probe  
  61  6:58  Probe  
  62  7:02  Probe  
  62  7:07  Assimilator  
  63  7:10  Probe  
  63  7:11  Assimilator  
  63  7:12  Probe  
  65  7:22  Mothership Core, Probe  
  66  7:27  Pylon  
  68  7:34  Probe  
  73  7:38  Observer (Chrono Boost)  
  73  7:41  Probe  
  73  7:43  Void Ray  
  75  7:48  Zealot  
  75  7:49  Zealot  
  79  7:51  Probe  
  79  7:52  Probe  
  81  8:02  Immortal (Chrono Boost)  
  85  8:07  Stalker  
  87  8:26  Void Ray (Chrono Boost)  
  87  8:27  Probe  
  91  8:28  Probe  
  93  8:34  Immortal (Chrono Boost)  
  93  8:37  Pylon  
  97  8:52  Pylon  
  97  8:53  Pylon  
  97  9:05  Immortal  
  97  9:08  Void Ray (Chrono Boost)  
  105  9:19  Pylon  
  105  9:23  Nexus  
  105  9:27  Pylon  
  105  9:36  Robotics Bay  
  104  9:42  Adept x3  
  110  9:46  Pylon  
  110  9:56  Void Ray (Chrono Boost)  
  112  10:11  Immortal  
  112  10:13  Adept x3  
  122  10:25  Templar Archives  
  122  10:32  Pylon  
  114  10:53  Stalker  
  114  10:54  Stalker x2  

Tags
 
Add a new tag
Caveats
  • Supply blocks, unpowered buildings, or Contaminate may cause inaccurate times.
  • Supply counts are checked every 10 seconds.